Map: Pola Śmierci

Players

Snute - Winner!

  • Race: Terran Terran

Gracz

  • Race: Terran Terran

Conan

  • Race: Terran Terran
  • League: Bronze

Sakura - Winner!

  • Race: Zerg Zerg

VOD

Have the link to the VOD?

Description

Time

  • Played on: Feb. 24, 2016, 9:46 a.m.
  • Length: 14:01
Show
View Real Time Build Order
Export as new Build Order

Snute Terran - Winner!

Build Orders:  

Get SALT Encoding   

  12  0:04  SCV  
  13  0:16  SCV  
  14  0:29  SCV  
  15  0:37  Supply Depot  
  15  0:54  Refinery  
  15  0:55  Supply Depot  
  15  0:59  SCV  
  16  1:05  Barracks  
  16  1:11  SCV  
  17  1:22  Barracks  
  17  1:23  SCV  
  18  1:32  Refinery  
  18  1:35  SCV  
  19  1:47  SCV  
  20  2:02  Barracks Reactor  
  20  2:19  Barracks Tech Lab  
  20  2:26  Orbital Command  
  20  2:34  Factory  
  20  2:44  Ghost Academy  
  20  2:46  Ghost Academy  
  20  3:04  Marine x2  
  22  3:06  Combat Shields  
  22  3:08  Marauder  
  24  3:27  Starport  
  24  3:30  Factory Tech Lab, Marauder  
  26  4:01  Ghost  
  28  4:29  Ghost  
  28  4:30  Personal Cloaking  
  30  4:47  Nuke  
  30  5:56  Nuke  
  28  6:20  Nuke  
  28  6:40  Barracks  
  28  6:41  Barracks  
  28  6:43  Barracks  
  28  6:47  Barracks  
  26  7:06  Ghost  
  28  7:15  Marine x2  
  30  7:33  Marine  
  31  7:50  Barracks Tech Lab x3  
  31  7:52  Barracks Reactor  
  31  8:10  Supply Depot  
  31  8:19  Supply Depot  
  31  8:31  Medivac, Ghost  
  35  8:41  Supply Depot  
  35  8:55  Concussive Shells, Stimpack  
  33  8:59  Ghost x3  
  33  9:00  Ghost  
  33  9:01  Marine  
  33  9:02  Marine  
  43  9:19  Marine  
  43  9:20  Marine  
  45  9:28  Marine x3, Ghost  
  50  9:57  Ghost  
  48  10:27  Nuke x2  
  48  10:35  Marine x3  
  49  10:39  Marine x3  
  55  10:44  Marine  
  55  11:51  Marine x2  
  55  12:40  Nuke  
  55  12:57  Marine  
  55  12:58  Marine x7  
  45  13:15  Marine x2  
Show
View Real Time Build Order
Export as new Build Order

Gracz Terran 

Build Orders:  

Get SALT Encoding   

  12  0:03  SCV  
  13  0:29  Refinery  
  13  0:30  Supply Depot  
  13  0:35  SCV  
  14  0:36  Refinery  
  14  0:47  SCV  
  15  0:59  SCV  
  16  1:23  Barracks  
  16  1:30  SCV  
  17  1:32  Barracks  
  17  1:43  SCV  
  18  2:12  Barracks Reactor  
  18  2:20  Marine  
  19  2:26  Supply Depot  
  19  2:38  Marine  
  20  2:49  Marine x2  
  22  2:59  Barracks Tech Lab, Engineering Bay  
  22  3:07  Orbital Command  
  21  3:23  Marine x2  
  20  3:27  Reaper  
  15  3:52  SCV  
  16  4:04  SCV  
  17  4:16  SCV  
  18  4:17  Reaper x2  
  18  4:19  Marauder  
  22  4:24  Factory  
  22  4:28  SCV  
  23  4:40  SCV  
  24  4:49  Marauder  
  24  4:50  Marine x2  
  24  4:52  SCV  
  29  4:53  Terran Infantry Weapons Level 1  
  29  5:08  Reaper x2  
  29  5:11  Factory Tech Lab  
  31  5:19  Armory  
  31  5:40  Marine, Reaper  
  31  5:45  Marauder  
  14  6:09  SCV  
  15  6:21  SCV  
  16  6:33  SCV  
  16  6:35  Marine x2  
  16  6:37  Siege Tank  
  22  6:40  Marauder  
  22  6:45  SCV  
  25  6:48  Terran Infantry Armor Level 1  
  25  6:57  SCV  
  26  7:02  Marauder  
  28  7:43  Reaper x2  
  30  7:49  Marauder  
  32  8:04  Supply Depot  
  32  8:24  SCV  
  33  8:35  Starport  
  33  8:36  SCV  
  35  8:48  SCV  
  35  8:51  Building Armor  
  35  9:00  SCV  
  36  9:12  SCV  
  36  9:14  Medivac  
  39  9:24  SCV  
  4  10:09  SCV  
  3  10:14  Marine x2  
  5  10:21  SCV  
  5  10:34  SCV  
  5  10:46  SCV  
  5  10:51  Marine x2  
  5  10:52  Marauder  
  9  10:58  SCV  
  10  11:10  SCV  
  11  11:16  Starport Tech Lab  
  7  11:49  Reaper  
  7  11:50  Reaper x2  
  10  11:55  Hellion  
  12  12:21  Reaper  
  8  12:34  Marine x2  
  10  12:48  Hellion  
  10  12:51  Refinery, SCV  
  13  12:57  Banshee  
  16  13:01  Marine x2  
  16  13:03  SCV  
  16  13:04  Marauder  
  21  13:09  Siege Tank  
  24  13:15  SCV  
  24  13:19  Marine x2  
  22  13:25  Marauder  
  20  13:27  SCV  
Show
View Real Time Build Order
Export as new Build Order

Conan Terran 

Build Orders:  

Get SALT Encoding   

  12  0:09  SCV  
  14  0:21  SCV  
  14  0:32  Supply Depot  
  14  0:33  SCV  
  15  0:41  Refinery  
  15  0:54  SCV  
  15  0:56  Barracks  
  16  1:06  SCV  
  17  1:18  SCV  
  18  1:33  Command Center  
  18  1:41  SCV  
  18  1:44  Marine  
  20  1:49  Supply Depot  
  20  1:59  Orbital Command  
  20  2:11  Refinery  
  20  2:13  Marine  
  21  2:32  SCV  
  22  2:44  Barracks Tech Lab  
  22  2:52  Orbital Command  
  22  2:55  SCV  
  23  3:04  Factory  
  23  3:07  SCV  
  23  3:21  Barracks  
  23  3:22  SCV  
  22  3:36  Barracks  
  21  3:44  Marauder  
  23  4:01  Widow Mine  
  25  4:03  SCV  
  25  4:05  Marauder  
  25  4:07  SCV  
  29  4:24  Combat Shields  
  29  4:26  Marine  
  29  4:28  Marauder  
  32  4:36  Factory Reactor  
  32  4:48  Marine  
  32  4:49  Marine  
  34  4:55  SCV x2  
  36  5:01  Starport  
  36  5:07  SCV x2  
  36  5:09  Marauder  
  36  5:10  Marine  
  41  5:19  SCV x2  
  43  5:22  Supply Depot  
  43  6:17  Widow Mine x2  
  47  6:22  Engineering Bay  
  47  6:40  Starport Tech Lab  
  45  7:22  SCV x2  
  47  7:32  Command Center  
  47  7:34  SCV x2, Widow Mine x2  
  53  7:46  SCV  
  53  7:49  Missile Turret  
  53  7:50  Missile Turret  
  54  7:51  Missile Turret  
  54  7:56  Missile Turret  
  54  7:58  Missile Turret  
  54  7:59  SCV x2  
  54  8:01  Missile Turret  
  54  8:02  Missile Turret  
  54  8:04  Raven  
  58  8:06  Widow Mine x2  
  62  8:21  Stimpack  
  62  8:38  Supply Depot  
  62  8:39  Supply Depot  
  62  8:41  Supply Depot  
  62  8:43  SCV x2  
  62  8:45  Terran Infantry Weapons Level 1  
  62  8:47  Viking  
  66  8:55  SCV x2  
  66  9:02  Marine, Marauder  
  71  9:04  Widow Mine x2  
  71  9:07  SCV  
  76  9:17  Medivac  
  76  9:18  Orbital Command  
  76  9:19  Starport  
  76  9:20  Marine, Starport, SCV x2  
  76  9:22  Starport  
  76  9:23  Starport, Marauder  
  82  9:32  SCV x2  
  82  9:38  Marine  
  85  9:44  SCV  
  85  10:22  Concussive Shells  
  79  10:52  Marine x2  
  79  10:56  Starport Tech Lab x3  
  81  11:05  Refinery  
  81  11:07  Refinery  
  81  11:10  Marine x2, Starport Tech Lab  
  83  11:13  SCV  
  83  11:14  SCV x2  
  83  11:16  Refinery  
  86  11:18  Refinery  
  86  11:22  Sensor Tower  
  86  11:25  SCV  
  86  11:26  SCV  
  86  11:29  Supply Depot  
  86  11:30  Supply Depot  
  86  11:31  Missile Turret  
  88  12:03  Barracks  
  88  12:05  Barracks, Supply Depot  
  81  12:35  Missile Turret  
  81  12:36  Missile Turret  
  79  12:38  Missile Turret  
  40  13:07  Marine  
  40  13:08  Marine  
  40  13:10  Hellion  
  42  13:25  Marine  
Show
View Real Time Build Order
Export as new Build Order

Sakura Zerg - Winner!

Build Orders: Pool First 

Get SALT Encoding   

  12  0:01  Drone  
  13  0:11  Drone  
  14  0:17  Overlord  
  14  0:23  Extractor  
  14  0:24  Drone  
  14  0:40  Drone  
  15  0:46  Spawning Pool  
  15  0:48  Drone  
  15  0:56  Drone  
  16  0:59  Drone  
  17  1:08  Overlord  
  18  1:18  Drone  
  18  1:34  Metabolic Boost  
  18  1:36  Queen  
  18  1:38  Zergling x2  
  21  1:42  Drone  
  22  1:50  Zergling x2  
  23  2:02  Zergling x2  
  24  2:11  Zergling x2  
  25  2:22  Zergling x2  
  26  2:26  Hatchery  
  26  2:28  Lair  
  25  2:36  Extractor  
  24  2:42  Overlord  
  24  2:45  Zergling x2  
  25  2:56  Zergling x6  
  28  3:13  Zergling x4  
  29  3:26  Zergling x2  
  30  3:37  Zergling x4  
  30  3:38  Zergling x2  
  33  3:42  Queen  
  33  3:44  Zergling x4  
  32  4:04  Zergling x6  
  33  4:15  Zergling x6  
  35  4:31  Nydus Network  
  35  4:32  Drone x4  
  35  4:37  Zergling x2  
  39  4:49  Drone x2  
  41  4:57  Zergling x4  
  43  5:02  Infestation Pit  
  42  5:15  Nydus Canal  
  42  5:19  Zergling x4  
  44  5:24  Overlord x3  
  44  5:25  Overlord  
  41  5:46  Zergling x2  
  41  5:47  Zergling x10  
  33  6:09  Hydralisk Den  
  32  6:15  Zergling x8  
  32  6:16  Zergling x2  
  37  6:21  Baneling Nest  
  37  6:24  Drone  
  37  6:29  Hive  
  37  6:37  Drone x2  
  39  6:59  Lurker Den  
  39  7:03  Zergling x2  
  39  7:04  Zergling x12  
  46  7:10  Drone  
  46  7:11  Drone  
  48  7:26  Drone x4  
  52  7:41  Overlord x2  
  52  7:42  Drone  
  53  7:49  Hydralisk  
  53  7:50  Hydralisk  
  57  7:57  Drone x3  
  60  8:07  Adrenal Glands  
  60  8:10  Zergling x4  
  62  8:16  Drone x2  
  64  8:36  Hatchery  
  64  8:38  Lurker  
  64  8:41  Lurker  
  65  8:42  Zergling x2  
  65  8:43  Zergling x6  
  69  8:50  Pneumatized Carapace  
  69  9:06  Nydus Canal  
  69  9:08  Zergling x12  
  69  9:09  Zergling x4  
  50  9:50  Zergling x10  
  50  9:51  Zergling x2  
  48  10:04  Zergling x4  
  49  10:12  Queen  
  51  10:14  Drone x4  
  51  10:15  Drone  
  56  10:30  Zergling x6  
  55  10:46  Zergling x8  
  55  10:47  Zergling x10  
  56  11:02  Zergling x8  
  60  11:16  Overlord  
  60  11:17  Overlord x3  
  60  11:20  Drone  
  60  11:21  Drone  
  62  11:41  Zergling x10  
  67  11:53  Nydus Canal  
  67  11:56  Infestor  
  67  11:57  Drone x3  
  72  12:09  Evolution Chamber  
  72  12:12  Evolution Chamber  
  70  12:16  Zergling x10  
  70  12:17  Zergling x2  
  72  12:35  Hatchery  
  71  12:48  Zergling x10  
  71  12:49  Zergling x8  
  79  13:13  Zergling x6  
  79  13:14  Zergling x12  
  88  13:23  Nydus Canal  
  84  13:42  Zergling x10  
  84  13:43  Zergling x4  
Tags
 
Add a new tag
Caveats
  • Supply blocks, unpowered buildings, or Contaminate may cause inaccurate times.
  • Supply counts are checked every 10 seconds.